 Dungeon Crawl Stone Soup version 0.18.1-48-g4cf74bf (webtiles) character file.

228180 nikopol the Phalangite (level 18, -10/166 HPs)
             Began as a Minotaur Berserker on July 4, 2016.
             Was the Champion of Trog.
             Drowned by a drowned soul (21 damage)
             ... summoned by a merfolk avatar
             ... on level 4 of the Shoals.
             The game lasted 02:20:13 (43207 turns).

nikopol the Phalangite (Minotaur Berserker)        Turns: 43207, Time: 02:20:13

Health: -10/166    AC: 40    Str: 38    XL:     18   Next: 70%
Magic:  17/17      EV: 20    Int:  4    God:    Trog [******]
Gold:   476        SH:  0    Dex: 21    Spells: 0 memorised, 17 levels left

rFire  + . .     SeeInvis +     x - +10 spear of the Head {freeze, +Inv rPois Str+4 Stlth+}
rCold  + + .     Gourm    .     M - +9 armour of the Dragon King {rPois rF+ rC+ MR+}
rNeg   . . .     Faith    .     (no shield)
rPois  +         Spirit   .     (helmet restricted)
rElec  .         Dismiss  .     Q - +2 cloak {+Inv}
rCorr  +         Reflect  .     e - +2 pair of gloves
SustAt .         Harm     +     z - +2 pair of boots {run}
MR     ++++.                    W - amulet of harm
Stlth  ..........               J - +4 ring of dexterity
                                a - ring of Gluttony {rCorr rC+ Str+6 SInv Stlth-}

@: mighty, exhausted, mesmerised, regenerating, slowed, studying Dodging, very
slow, incredibly resistant to hostile enchantments, extremely unstealthy
A: retaliatory headbutt, horns 2
a: Berserk, Trog's Hand, Brothers in Arms, Burn Spellbooks, Renounce Religion,
Evoke Invisibility
}: 1/15 runes: gossamer


You were on level 4 of the Shoals.
You worshipped Trog.
Trog was exalted by your worship.
You were near starving.

You visited 6 branches of the dungeon, and saw 34 of its levels.
You also visited: Volcano.

You collected 4824 gold pieces.
You spent 4348 gold pieces at shops.

Inventory:

Hand Weapons
 c - the +11 shortbow of Uncomfortable Rashes {velocity, MP+9 SInv}
   (You bought it in a shop on level 12 of the Dungeon)

   Any arrow fired from it inflicts extra damage.
   It affects your magic capacity (+9).
   It lets you see invisible.
 i - a +8 bardiche of freezing
 x - the +10 spear of the Head (weapon) {freeze, +Inv rPois Str+4 Stlth+}
   (You found it on level 3 of the Shoals)

   It has been specially enchanted to freeze those struck by it, causing extra
   injury to most foes and up to half again as much damage against particularly
   susceptible opponents.
   It can also slow down cold-blooded creatures.
   It affects your strength (+4).
   It protects you from poison.
   It lets you turn invisible.
   It makes you more stealthy.
Missiles
 y - 633 arrows (quivered)
Armour
 e - a +2 pair of gloves (worn)
 z - a +2 pair of boots of running (worn)
 M - the +9 armour of the Dragon King (worn) {rPois rF+ rC+ MR+}
   (You bought it in a shop on level 12 of the Dungeon)

   It protects you from fire.
   It protects you from cold.
   It protects you from poison.
   It affects your resistance to hostile enchantments.
 Q - a +2 cloak of invisibility (worn)
Jewellery
 a - the ring of Gluttony (left hand) {rCorr rC+ Str+6 SInv Stlth-}
   (You bought it in a shop on level 1 of the Orcish Mines)

   [ring of resist corrosion]

   It affects your strength (+6).
   It protects you from cold.
   It lets you see invisible.
   It makes you less stealthy.
 n - an uncursed ring of sustain attributes
 v - an uncursed ring of flight
 I - an uncursed ring of positive energy
 J - a +4 ring of dexterity (right hand)
 W - an amulet of harm (around neck)
Wands
 w - a wand of digging (24/24)
 L - a wand of acid (11/15)
 R - a wand of disintegration (18/24)
 U - a wand of teleportation (6/9)
Scrolls
 f - 11 scrolls of remove curse
 k - 2 scrolls of enchant armour
 q - 5 scrolls of recharging
 s - 9 scrolls of magic mapping
 B - 5 scrolls of fog
 C - 12 scrolls of teleportation
 E - a scroll of blinking
 K - a scroll of summoning
 O - a scroll of fear
 S - 2 scrolls of silence
 T - 9 scrolls of identify
Potions
 b - a potion of agility
 d - 4 potions of haste
 h - 7 potions of flight
 l - 4 potions of resistance
 m - 14 potions of curing
 u - 4 potions of invisibility
 A - 9 potions of brilliance
 D - 5 potions of might
 F - 2 potions of magic
 G - a potion of ambrosia
 P - 3 potions of heal wounds
 V - 2 potions of cure mutation
Books
 X - a manual of Dodging
Miscellaneous
 g - a fan of gales
Comestibles
 o - 23 meat rations
 p - 14 slices of pizza
 r - 5 beef jerkies
 t - 22 fruits
 H - 16 bread rations


   Skills:
 + Level 16.3 Fighting
 * Level 21.3 Polearms
 - Level 17.2 Bows
 + Level 16.1 Armour
 + Level 16.5 Dodging


You had 17 spell levels left.
You didn't know any spells.

Dungeon Overview and Level Annotations

Branches:
Dungeon (15/15)            Temple (0/1) D:7            Lair (8/8) D:8
 Shoals (4/4) Lair:6       Spider (4/4) Lair:3        Slime (0/6) Lair:7
    Orc (2/2) D:11            Elf (1/3) Orc:2        Vaults (0/5) D:13
 Depths (0/5) D:15

Altars:
Elyvilon
Gozag
Makhleb
Nemelex Xobeh
Okawaru
Qazlal
Sif Muna
Yredelemnul
Zin
Beogh
Jiyva

Shops:
D:11 %   D:12 [(!(   Orc:1 =   Orc:2 !*([(   Elf:1 :*   Shoals:2 *


Innate Abilities, Weirdness & Mutations

You reflexively headbutt those who attack you in melee.
You have a pair of horns on your head.


Message History

The merfolk avatar chants its luring song. x2
You closely miss the merfolk avatar.
Your headbutt misses the merfolk avatar.
The merfolk avatar is heavily wounded.
The drowned soul touches you. The drowned soul drowns you!
* * * LOW HITPOINT WARNING * * *
You barely miss the merfolk avatar.
Your headbutt misses the merfolk avatar.
The merfolk avatar is heavily wounded.
The merfolk avatar chants its luring song.
Your unstable footing causes you to fumble your attack.
The merfolk avatar chants its luring song.
Your stone giant goes berserk!
You are near starving!
The merfolk avatar chants its luring song.
The drowned soul touches your stone giant.
The drowned soul touches you. The drowned soul drowns you!
* * * LOW HITPOINT WARNING * * *
The drowned soul touches you. The drowned soul drowns you!
You die...

#......≈≈≈≈≈≈≈≈≈≈
.......≈≈≈≈≈≈≈≈≈≈
..<.(..≈≈≈≈≈≈≈≈≈
######## #...≈≈≈≈≈≈≈≈≈≈≈
≈≈≈....####)..≈≈≈≈≈≈≈≈≈≈
≈≈≈≈....##)†..≈≈≈≈≈≈≈≈≈≈
≈≈≈≈.≈≈..(.).(≈≈≈≈≈≈≈≈≈≈
≈≈≈≈≈≈...####..≈≈≈≈≈≈≈≈≈
≈≈≈≈≈≈...# ##.≈@m≈≈W≈≈≈
≈≈≈≈≈≈...# #...≈≈≈≈≈≈≈≈≈
≈≈≈≈≈≈≈..# #(.≈≈C≈≈≈≈≈≈≈
≈≈≈≈≈≈≈≈...≈≈≈≈≈≈≈≈≈≈≈≈≈
≈≈≈≈≈≈≈≈≈.≈≈≈≈≈W≈≈≈≈≈≈≈≈
≈≈≈≈≈≈≈≈≈≈.≈≈≈≈≈≈≈≈≈≈≈≈≈
≈≈≈≈≈≈≈ ≈≈≈≈≈≈≈≈≈≈≈≈≈≈≈≈
≈≈≈≈≈≈≈ ≈≈≈≈≈≈≈≈≈≈≈≈≈≈≈
≈≈≈≈≈≈≈


You could see a merfolk avatar, 2 drowned souls and a friendly stone giant
(berserk).

Vanquished Creatures
  Nikola (Elf:1)
  Arachne (Spider:2)
  Polyphemus (Shoals:2)
  The ghost of nikopol the Severer, an adept MiBe of Trog (Spider:2)
  Ilsuiw (Shoals:4)
  An azure jelly (Lair:7)
  Donald (Shoals:1)
  6 ghost moths
  The ghost of theElss the Bludgeoner, an adept GrBe of Trog (Spider:1)
  2 emperor scorpions (Spider:4)
  Aizul (Elf:1)
  2 orc warlords
  Maud (Lair:7)
  Azrael (Elf:1)
  2 deep elf demonologists (Elf:1)
  A spark wasp (Spider:4)
  5 merfolk javelineers
  9 merfolk impalers
  A yaktaur captain (D:13)
  The ghost of Coyotero the Nimble, a journeyman DrFi of Qazlal (D:10)
  A deep elf high priest (Elf:1)
  10 hydras
  2 ice dragons (D:15)
  A merfolk avatar (Shoals:2)
  4 merfolk aquamancers
  A satyr (Shoals:2)
  A catoblepas (shapeshifter) (Elf:1)
  4 catoblepae
  2 alligator snapping turtles
  2 tengu warriors (D:14)
  14 death yaks
  7 dancing weapons (Elf:1)
  8 deep elf knights (Elf:1)
  An orc high priest (Elf:1)
  Sonja (Lair:3)
  9 sea snakes
  2 unseen horrors
  5 deep elf archers (Elf:1)
  4 orc knights
  29 deep elf magi
  3 hornets (Spider:4)
  14 hill giants
  4 harpies
  2 orc sorcerers
  13 orb spiders
  22 wolf spiders
  4 manticores
  2 wizards
  7 cyclopes
  29 elephants
  7 griffons
  8 ugly things
  9 fauns (Shoals:2)
  6 black mambas
  A smoke demon (Volcano)
  The ghost of nikopol the Poker, a novice MiBe of Trog (D:5)
  3 toenail golems (Volcano)
  4 gargoyles
  6 water nymphs
  A torpor snail (Spider:4)
  3 molten gargoyles
  15 spiny frogs
  6 sirens
  A spiny frog (shapeshifter) (D:15)
  A kobold demonologist (D:14)
  3 centaur skeletons
  13 komodo dragons
  2 yaktaurs (D:13)
  18 demonic crawlers
  An efreet (D:15)
  5 trolls
  A tengu conjurer (D:14)
  31 merfolk
  18 jumping spiders
  2 polar bears
  15 blink frogs
  A two-headed ogre (D:10)
  2 slime creatures (D:12)
  10 snapping turtles
  3 boulder beetles
  65 yaks
  2 shadows (D:15)
  3 wraiths
  48 redbacks
  A tarantella (shapeshifter) (D:14)
  25 tarantellas
  2 fire bats (Volcano)
  3 wyverns
  A human (D:8)
  3 basilisks
  12 hippogriffs
  12 water elementals
  Eustachio (D:6)
  4 fire elementals (Elf:1)
  4 vampire mosquitoes
  Edmund (D:6)
  5 wargs
  A soldier ant (D:14)
  23 water moccasins
  9 hell hounds
  13 porcupines
  Duvessa (D:6)
  7 sky beasts
  36 orc warriors
  A swamp drake (D:13)
  2 ice beasts
  3 eyes of draining
  12 ogres
  A black bear (D:11)
  A necrophage (D:12)
  3 wasps (Spider:4)
  2 phantoms
  15 wolves
  18 centaurs
  12 crocodiles
  22 giant frogs
  5 big kobolds
  2 earth elementals (Elf:1)
  Dowan (D:6)
  4 scorpions
  A wyvern skeleton (D:12)
  12 wights
  4 howler monkeys
  9 electric eels
  7 crimson imps
  2 lava snakes (Volcano)
  6 jellies
  3 centaur zombies
  5 hounds
  A giant frog zombie (D:8)
  26 orc priests
  36 orc wizards
  A giant frog skeleton (D:5)
  7 iguanas
  6 worker ants
  A killer bee zombie (D:11)
  26 sheep
  A hound zombie (D:7)
  A hound skeleton (D:5)
  A howler monkey zombie (D:7)
  19 gnolls
  A howler monkey skeleton (D:6)
  7 adders
  104 river rats
  2 shadow imps
  2 oozes
  An adder zombie (D:7)
  2 adder skeletons
  5 dart slugs
  5 giant geckos
  108 orcs
  8 giant cockroaches
  12 hobgoblins
  3 jackals (D:1)
  26 kobolds
  6 quokkas
  13 bats
  A giant gecko skeleton (D:4)
  3 giant newts
  11 goblins
  9 rats
  A bush (Lair:8)
  A fungus (Lair:2)
  2 plants
1339 creatures vanquished.

Vanquished Creatures (collateral kills)
  The ghost of Rationalist the Peltast, a journeyman FoFi of Qazlal (Lair:5)
  A deep elf demonologist (Elf:1)
  A satyr (Shoals:2)
  A faun (Shoals:2)
  A water nymph (Shoals:2)
  2 merfolk (Shoals:2)
  A snapping turtle (Shoals:2)
8 creatures vanquished.

Vanquished Creatures (others)
  A water elemental (Elf:1)
  An electric eel (Elf:1)
  A fire vortex (Lair:7)
  25 fungi
  17 plants
45 creatures vanquished.

Grand Total: 1392 creatures vanquished

Notes
Turn   | Place    | Note
--------------------------------------------------------------
     0 | D:1      | nikopol the Minotaur Berserker began the quest for the Orb.
     0 | D:1      | Reached XP level 1. HP: 19/19 MP: 0/0
   187 | D:1      | Reached XP level 2. HP: 27/27 MP: 1/1
   745 | D:1      | Reached ** piety under Trog
   745 | D:1      | Reached XP level 3. HP: 33/33 MP: 2/2
   871 | D:1      | Reached skill level 4 in Polearms
   950 | D:2      | Found a deep blue altar of Sif Muna.
  1007 | D:2      | Found an iron altar of Okawaru.
  1293 | D:2      | Found a white marble altar of Elyvilon.
  1356 | D:2      | Reached XP level 4. HP: 41/41 MP: 3/3
  1721 | D:3      | Reached *** piety under Trog
  2019 | D:3      | Reached XP level 5. HP: 47/47 MP: 4/4
  2200 | D:4      | Reached skill level 5 in Fighting
  2409 | D:4      | Reached skill level 5 in Polearms
  2526 | D:4      | Found a stormy altar of Qazlal.
  2891 | D:4      | Reached XP level 6. HP: 53/56 MP: 5/5
  2943 | D:5      | Entered Level 5 of the Dungeon
  3063 | D:5      | Found a basalt altar of Yredelemnul.
  3206 | D:5      | Reached skill level 5 in Armour
  3206 | D:5      | Reached XP level 7. HP: 37/62 MP: 6/6
  3396 | D:5      | Reached skill level 6 in Polearms
  3496 | D:5      | Noticed nikopol's ghost (novice MiBe)
  3509 | D:5      | Killed nikopol's ghost
  3509 | D:5      | Reached skill level 5 in Dodging
  3714 | D:5      | Reached XP level 8. HP: 71/71 MP: 7/7
  3969 | D:6      | Reached skill level 7 in Polearms
  4119 | D:6      | Noticed Duvessa
  4120 | D:6      | Noticed Dowan
  4132 | D:6      | Killed Duvessa
  4135 | D:6      | Killed Dowan
  4381 | D:6      | Reached **** piety under Trog
  4555 | D:6      | Noticed Eustachio
  4768 | D:6      | Killed Eustachio
  4768 | D:6      | Reached skill level 8 in Polearms
  4852 | D:6      | Noticed Edmund
  4856 | D:6      | Killed Edmund
  4856 | D:6      | Reached XP level 9. HP: 79/79 MP: 8/8
  4967 | D:6      | Reached skill level 5 in Bows
  5470 | D:7      | Found a staircase to the Ecumenical Temple.
  5737 | D:7      | Reached skill level 9 in Polearms
  6079 | D:7      | Reached ***** piety under Trog
  6515 | D:7      | Found a roughly hewn altar of Beogh.
  6542 | D:7      | Received a gift from Trog
  7041 | D:8      | Found a staircase to the Lair.
  7774 | D:8      | Reached XP level 10. HP: 76/90 MP: 9/9
  8437 | Lair:1   | Entered Level 1 of the Lair of Beasts
  8649 | Lair:1   | Reached skill level 10 in Polearms
  8977 | Lair:1   | Received a gift from Trog
  9443 | Lair:2   | Noticed a spiny frog
  9447 | Lair:2   | Noticed an eight-headed hydra
  9459 | Lair:2   | Killed a spiny frog
  9465 | Lair:2   | Killed an eight-headed hydra
  9465 | Lair:2   | Reached skill level 11 in Polearms
  9669 | Lair:2   | Reached XP level 11. HP: 74/97 MP: 10/10
 10226 | Lair:2   | Received a gift from Trog
 11089 | Lair:3   | Reached skill level 12 in Polearms
 11150 | Lair:3   | Noticed Sonja
 11241 | Lair:3   | Found a hole to the Spider Nest.
 11714 | Lair:3   | Killed Sonja
 11714 | Lair:3   | Reached skill level 10 in Fighting
 11718 | Lair:3   | Reached ****** piety under Trog
 11745 | Lair:3   | Reached skill level 10 in Bows
 11970 | Lair:3   | Noticed a five-headed hydra
 11977 | Lair:3   | Killed a five-headed hydra
 11977 | Lair:3   | Received a gift from Trog
 12681 | Lair:4   | Reached XP level 12. HP: 79/107 MP: 11/11
 12701 | Lair:4   | Received a gift from Trog
 13047 | Lair:4   | Noticed a five-headed hydra
 13054 | Lair:4   | Killed a nine-headed hydra
 13054 | Lair:4   | Reached skill level 13 in Polearms
 13613 | Lair:4   | Reached skill level 10 in Armour
 13633 | Lair:4   | Noticed an eight-headed hydra
 13638 | Lair:4   | Killed a nine-headed hydra
 14407 | Lair:4   | Received a gift from Trog
 14772 | Lair:5   | Noticed Rationalist's ghost (journeyman FoFi)
 14800 | Lair:5   | Killed Rationalist's ghost
 14800 | Lair:5   | Reached skill level 14 in Polearms
 15509 | Lair:5   | Reached skill level 10 in Dodging
 15521 | Lair:5   | Reached XP level 13. HP: 110/116 MP: 12/12
 15787 | Lair:6   | Found a staircase to the Shoals.
 16237 | Lair:6   | Found a sparkling altar of Nemelex Xobeh.
 16314 | Lair:6   | Received a gift from Trog
 17015 | Lair:7   | Noticed Maud
 17081 | Lair:7   | Killed Maud
 17288 | Lair:7   | Received a gift from Trog
 17305 | Lair:7   | Got a faintly humming scale mail
 17316 | Lair:7   | Identified the +1 scale mail of Sawaoz {Str+4} (You found it on level 7 of the Lair of Beasts)
 17334 | Lair:7   | Reached skill level 15 in Polearms
 17880 | Lair:7   | Received a gift from Trog
 18232 | Lair:7   | Received a gift from Trog
 18328 | Lair:7   | Found a runed door.
 18328 | Lair:7   | Found a viscous altar of Jiyva.
 18328 | Lair:7   | Noticed an azure jelly
 18336 | Lair:7   | Found a staircase to the Slime Pits.
 18431 | Lair:7   | Killed an azure jelly
 18801 | Lair:8   | Entered Level 8 of the Lair of Beasts
 19275 | Lair:8   | Reached XP level 14. HP: 95/126 MP: 13/13
 19595 | Lair:8   | Reached skill level 16 in Polearms
 19976 | Lair:8   | Received a gift from Trog
 21437 | D:9      | Found a white marble altar of Elyvilon.
 21792 | D:9      | Found a glowing silver altar of Zin.
 21802 | D:9      | Found a stormy altar of Qazlal.
 21925 | D:9      | Got a translucent ring mail
 21936 | D:9      | Identified the +4 ring mail of the Many Moons {+Inv MP+9} (You found it on level 9 of the Dungeon)
 21988 | D:9      | Found a sparkling altar of Nemelex Xobeh.
 21989 | D:9      | Found an opulent altar of Gozag.
 22067 | D:10     | Entered Level 10 of the Dungeon
 22295 | D:10     | Noticed Coyotero's ghost (journeyman DrFi)
 22304 | D:10     | Killed Coyotero's ghost
 22471 | D:10     | Received a gift from Trog
 22904 | D:11     | Found Unoxumy's Food Boutique.
 23194 | D:11     | Found a staircase to the Orcish Mines.
 23785 | Orc:1    | Entered Level 1 of the Orcish Mines
 23792 | Orc:1    | Found Saicsix's Jewellery Boutique.
 23923 | Orc:1    | Noticed an orc warlord
 23942 | Orc:1    | Killed an orc warlord
 24604 | Orc:2    | Entered Level 2 of the Orcish Mines
 24644 | Orc:2    | Found a dark tunnel.
 24661 | Volcano  | Entered a volcano
 25071 | Volcano  | Found a bloodstained altar of Trog.
 25078 | Volcano  | Reached XP level 15. HP: 135/135 MP: 14/14
 25081 | Volcano  | Reached skill level 17 in Polearms
 25619 | Orc:2    | Found a staircase to the Elven Halls.
 25639 | Orc:2    | Received a gift from Trog
 25762 | Orc:2    | Found Oxiutre's Weapon Shoppe.
 25866 | Orc:2    | Noticed an orc warlord
 25878 | Orc:2    | Killed an orc warlord
 25886 | Orc:2    | Received a gift from Trog
 26169 | Orc:2    | Found Icoroj's Antique Weapon Shoppe.
 26176 | Orc:2    | Found a roughly hewn altar of Beogh.
 26179 | Orc:2    | Found Mademu's Antique Armour Emporium.
 26225 | Orc:2    | Found a roughly hewn altar of Beogh.
 26280 | Orc:2    | Found a roughly hewn altar of Beogh.
 26281 | Orc:2    | Found Tolac's Assorted Antiques.
 26310 | Orc:2    | Bought a glowing cloak for 126 gold pieces
 26373 | Orc:2    | Found a roughly hewn altar of Beogh.
 26392 | Orc:2    | Found a roughly hewn altar of Beogh.
 26413 | Orc:2    | Found Tuwad's Distillery.
 26464 | Orc:2    | Found a roughly hewn altar of Beogh.
 26632 | Orc:2    | Bought a shimmering halberd for 243 gold pieces
 26632 | Orc:2    | Identified the +5 halberd of the Boar {venom, rN+ MR- Int+6} (You bought it in a shop on level 2 of the Orcish Mines)
 26678 | Orc:2    | Bought 2 scrolls of identify for 112 gold pieces
 26678 | Orc:2    | Bought a scroll of identify for 56 gold pieces
 26715 | Orc:1    | Bought the ring of Gluttony {rCorr rC+ Str+6 SInv Stlth-} for 592 gold pieces
 26796 | D:12     | Found Dies's Antique Weapon Shop.
 26809 | D:12     | Bought a fine shortbow for 224 gold pieces
 26809 | D:12     | Identified the +11 shortbow of Uncomfortable Rashes {velocity, MP+9 SInv} (You bought it in a shop on level 12 of the Dungeon)
 26882 | D:12     | Found Xiere's Weapon Emporium.
 26987 | D:12     | Received a gift from Trog
 27086 | D:12     | Found Ciweum's Distillery.
 27169 | D:12     | Found Sopetsic's Antique Armour Shop.
 27253 | D:12     | Identified a scroll of acquirement
 27260 | D:12     | Identified a +1 pair of boots of running (You acquired it on level 12 of the Dungeon)
 27401 | D:12     | Found Eguimig's Weapon Shop.
 28061 | D:13     | Received a gift from Trog
 28071 | D:13     | Found a gate to the Vaults.
 28493 | D:14     | Received a gift from Trog
 29213 | D:14     | Found a burning altar of Makhleb.
 29393 | D:15     | Entered Level 15 of the Dungeon
 29508 | D:15     | Found a staircase to the Depths.
 29771 | D:15     | Reached skill level 15 in Bows
 29812 | D:15     | Found a basalt altar of Yredelemnul.
 30228 | D:13     | Reached skill level 18 in Polearms
 30452 | Lair:2   | Received a gift from Trog
 30452 | Lair:2   | Reached XP level 16. HP: 146/146 MP: 15/15
 30497 | Spider:1 | Entered Level 1 of the Spider Nest
 30971 | Spider:1 | Noticed theElss's ghost (adept GrBe)
 30982 | Spider:1 | Killed theElss's ghost
 31755 | Spider:2 | Noticed nikopol's ghost (adept MiBe)
 31768 | Spider:2 | Killed nikopol's ghost
 31911 | Spider:2 | Noticed Arachne
 31926 | Spider:2 | Killed Arachne
 32267 | Spider:2 | Received a gift from Trog
 33779 | Spider:4 | Entered Level 4 of the Spider Nest
 34267 | Spider:4 | Reached skill level 19 in Polearms
 34471 | Spider:4 | Received a gift from Trog
 34810 | Spider:4 | Received a gift from Trog
 34850 | Spider:4 | Reached XP level 17. HP: 154/154 MP: 0/16
 35093 | Spider:4 | Received a gift from Trog
 35115 | Spider:4 | Received a gift from Trog
 35115 | Spider:4 | Reached skill level 15 in Fighting
 35364 | Spider:4 | Got a gossamer rune of Zot
 35731 | Elf:1    | Entered Level 1 of the Elven Halls
 36041 | Elf:1    | Found Igayhud's Book Shop.
 36198 | Elf:1    | Noticed Azrael
 36206 | Elf:1    | Received a gift from Trog
 36215 | Elf:1    | Killed Azrael
 36581 | Elf:1    | Noticed Aizul
 36597 | Elf:1    | Killed Aizul
 36790 | Elf:1    | Noticed Nikola
 36811 | Elf:1    | Killed Nikola
 37404 | Elf:1    | Received a gift from Trog
 37691 | Elf:1    | Reached skill level 15 in Armour
 37868 | Elf:1    | Found Demott's Assorted Antiques.
 38191 | Elf:1    | Noticed a Hell Sentinel
 38213 | Elf:1    | Reached skill level 20 in Polearms
 38643 | Elf:1    | Noticed a Brimstone Fiend
 38874 | D:12     | Bought the +9 armour of the Dragon King {rPois rF+ rC+ MR+} for 2995 gold pieces
 39201 | Shoals:1 | Entered Level 1 of the Shoals
 39283 | Shoals:1 | Received a gift from Trog
 39283 | Shoals:1 | Reached skill level 15 in Dodging
 39375 | Shoals:1 | Received a gift from Trog
 39604 | Shoals:1 | Received a gift from Trog
 39851 | Shoals:2 | Found Ciwofin's Assorted Antiques.
 39851 | Shoals:2 | Noticed Donald
 39867 | Shoals:1 | Killed Donald
 39867 | Shoals:1 | Reached XP level 18. HP: 139/166 MP: 17/17
 40463 | Shoals:2 | Noticed Polyphemus
 40525 | Shoals:2 | Killed Polyphemus
 41241 | Shoals:3 | Lost intelligence.
 41429 | Shoals:3 | Got a transparent spear
 41430 | Shoals:3 | Identified the +10 spear of the Head {freeze, +Inv rPois Str+4 Stlth+} (You found it on level 3 of the Shoals)
 41544 | Shoals:3 | Received a gift from Trog
 42075 | Shoals:4 | Entered Level 4 of the Shoals
 42381 | Shoals:4 | Noticed Ilsuiw
 42399 | Shoals:4 | Reached skill level 21 in Polearms
 42456 | Shoals:4 | Killed Ilsuiw
 43207 | Shoals:4 | Drowned by a drowned soul

Skill      XL: |  1  2  3  4  5  6  7  8  9 10 11 12 13 14 15 16 17 18 |
---------------+-------------------------------------------------------+-----
Fighting       | 4 5 6 7 8 9 10 11 12 13 14 15 16 | 16.3
Armour         | 3 4 5 6 7 8 9 10 11 12 13 14 15 16 | 16.1
Polearms       | 4 5 6 8 9 11 12 14 15 16 18 19 20 21 | 21.3
Dodging        | 3 4 5 6 7 9 10 11 12 14 15 16 | 16.5
Bows           | 2 4 6 8 10 11 12 13 15 16 17 | 17.2

Action                   |  1- 3 |  4- 6 |  7- 9 | 10-12 | 13-15 | 16-18 || total
-------------------------+-------+-------+-------+-------+-------+-------++-------
Melee: Spear             |    91 |    84 |   305 |   344 |       |   230 ||  1054
       Headbutt          |     6 |    10 |    46 |   141 |   145 |   101 ||   449
       Glaive            |       |       |       |    64 |   565 |   341 ||   970
       Bardiche          |       |       |       |    44 |       |       ||    44
       Longbow           |       |       |       |       |     1 |       ||     1
 Fire: Shortbow          |       |    10 |   163 |   428 |   720 |  1034 ||  2355
       Longbow           |       |       |       |       |   246 |       ||   246
Invok: Berserk           |       |     1 |     5 |     7 |    11 |     7 ||    31
       Burn Spellbooks   |       |       |     1 |     3 |     5 |     4 ||    13
       Brothers in Arms  |       |       |       |     1 |       |     3 ||     4
       Trog's Hand       |       |       |       |       |       |     2 ||     2
  Use: Scroll            |       |       |    14 |     4 |    21 |    13 ||    52
       Potion            |       |       |       |       |       |     4 ||     4
 Stab: Sleeping          |     1 |       |       |       |       |       ||     1
       Petrified         |       |       |       |       |     2 |       ||     2
  Eat: Chunk             |     1 |     7 |    19 |    30 |    52 |    40 ||   149
       Fruit             |       |       |       |     2 |       |     1 ||     3
       Royal jelly       |       |       |       |       |     2 |     1 ||     3
Armor: Animal skin       |     2 |       |       |       |       |       ||     2
       Leather armour    |     5 |       |       |       |       |       ||     5
       Ring mail         |     7 |    11 |       |       |       |       ||    18
       Scale mail        |       |     4 |    44 |   120 |   110 |       ||   278
       Chain mail        |       |       |       |       |    63 |   118 ||   181
       Gold dragon armou |       |       |       |       |       |   207 ||   207
Dodge: Dodged            |    40 |    18 |    85 |   234 |   382 |   470 ||  1229
